[Event "Czech Open GM 2020"]
[Site "Pardubice"]
[Date "2020.09.26"]
[Round "7.9"]
[White "Sernecki, Franciszek"]
[Black "Parvanyan, Ashot"]
[Result "1/2-1/2"]
[ECO "E92"]
[WhiteElo "2248"]
[BlackElo "2458"]
[Annotator "ChessBase"]
[PlyCount "136"]
[EventDate "2020.09.21"]
[EventCountry "CZE"]
[SourceTitle "playchess.com"]
[Source "ChessBase"]
[SourceQuality "1"]
[TimeControl "40/5400+30:1800+30"]

1. d4 Nf6 2. c4 c5 3. d5 g6 4. Nc3 Bg7 5. e4 d6 6. Nf3 O-O 7. Be2 e5 8. O-O Nbd7 9. Ne1 Ne8 10. g4 a6 11. Be3 f5 12. gxf5 gxf5 13. exf5 Ndf6 14. Kh1 Bxf5 15. Rg1 Kh8 16. Ng2 Ne4 17. Nxe4 Bxe4 18. f3 Bf5 19. Qd2 Bf6 20. Bd3 Bxd3 21. Qxd3 Bg5 22. Raf1 Bxe3 23. Qxe3 Ng7 24. f4 Qf6 25. Qe2 Nf5 26. fxe5 Qxe5 27. Qxe5+ dxe5 28. Re1 Rae8 29. Ne3 Nd6 30. Ref1 Rf4 31. b3 Ne4 32. h3 Ref8 33. Rxf4 exf4 34. Nd1 f3 35. Kh2 b5 36. Re1 Rf4 37. Kg1 bxc4 38. bxc4 Kg7 39. Nf2 Nd6 40. Re7+ Kg8 41. Re6 Nxc4 42. Re4 Rxe4 43. Nxe4 Kf7 44. Kf2 a5 45. Nxc5 Kf6 46. Kxf3 Ke5 47. Nd7+ Kxd5 48. Nf6+ Ke5 49. Nxh7 Kf5 50. Nf8 Nb6 51. Ke3 Kf6 52. h4 Kf7 53. Nh7 Kg6 54. Ng5 Kh5 55. Kd4 Kxh4 56. Ne4 Kg4 57. Kc5 Na4+ 58. Kb5 Nb2 59. Kxa5 Kf4 60. Nc5 Ke5 61. Kb4 Kd5 62. Nb3 Kc6 63. Nc5 Nd1 64. a4 Ne3 65. Ne4 Nd5+ 66. Kb3 Nb6 67. a5 Kb5 68. axb6 Kxb6 1/2-1/2

[Event "Czech Open GM 2020"]
[Site "Pardubice"]
[Date "2020.09.26"]
[Round "7.10"]
[White "Vokac, Marek"]
[Black "Peycheva, Gergana"]
[Result "1-0"]
[ECO "A06"]
[WhiteElo "2365"]
[BlackElo "2270"]
[Annotator "ChessBase"]
[PlyCount "125"]
[EventDate "2020.09.21"]
[EventCountry "CZE"]
[SourceTitle "playchess.com"]
[Source "ChessBase"]
[SourceQuality "1"]
[TimeControl "40/5400+30:1800+30"]

1. Nf3 d5 2. b3 Nf6 3. Bb2 Bf5 4. e3 e6 5. Be2 h6 6. d3 Nbd7 7. Nbd2 c6 8. h3 Be7 9. g4 Bh7 10. Rg1 Qc7 11. h4 Bg6 12. h5 Bh7 13. g5 hxg5 14. Nxg5 Bg8 15. Nf1 O-O-O 16. f4 Ne8 17. Qd2 Bf6 18. O-O-O Bxb2+ 19. Kxb2 f6 20. Nh3 g6 21. Rxg6 Bf7 22. Rg2 Bxh5 23. Bxh5 Rxh5 24. Nf2 Nd6 25. Ng3 Rh7 26. Ne2 c5 27. Rdg1 Kb8 28. Rg7 Rxg7 29. Rxg7 Qb6 30. Kb1 Nf5 31. Rh7 Qc6 32. e4 Nd6 33. exd5 Qxd5 34. Nc3 Qf5 35. Rg7 Nb6 36. Qe3 Rc8 37. Nfe4 Ne8 38. Rg8 Qh7 39. Rxe8 Rxe8 40. Nxf6 Qh1+ 41. Kb2 Rc8 42. Qxe6 Qc6 43. f5 Rf8 44. Nce4 Qc7 45. Ne8 Qf4 46. N8d6 Nc8 47. Nxc8 Rxc8 48. f6 Qh6 49. Qe5+ Ka8 50. Nxc5 a6 51. Qe7 Qh1 52. f7 Qh8+ 53. Ka3 Rb8 54. Nd7 Qh6 55. Nxb8 Qc1+ 56. Kb4 Qd2+ 57. c3 Qf4+ 58. d4 a5+ 59. Kxa5 b6+ 60. Kb4 b5 61. Ka5 Qf3 62. Nc6 Qxc3+ 63. Kb6 1-0

[Event "Czech Open GM 2020"]
[Site "Pardubice"]
[Date "2020.09.26"]
[Round "7.11"]
[White "Finek, Vaclav"]
[Black "Nemec, Jachym"]
[Result "0-1"]
[ECO "D23"]
[WhiteElo "2344"]
[BlackElo "2150"]
[Annotator "ChessBase"]
[PlyCount "146"]
[EventDate "2020.09.21"]
[EventCountry "CZE"]
[SourceTitle "playchess.com"]
[Source "ChessBase"]
[SourceQuality "1"]
[TimeControl "40/5400+30:1800+30"]

1. d4 d5 2. c4 c6 3. Nf3 Nf6 4. Qc2 dxc4 5. Qxc4 Bf5 6. g3 Nbd7 7. Bg2 e6 8. O-O Be7 9. e3 O-O 10. Qe2 Rc8 11. Nc3 Bg6 12. e4 a6 13. Rd1 Re8 14. Bf4 b5 15. a3 Qb6 16. Ne5 Rcd8 17. Nxg6 hxg6 18. Be3 Qb8 19. f4 Nb6 20. b3 Nfd7 21. a4 b4 22. Na2 a5 23. Rac1 Qb7 24. Rc2 Rc8 25. Qf2 Rc7 26. Nc1 f5 27. Nd3 Nf6 28. Ne5 fxe4 29. g4 Bd6 30. g5 Bxe5 31. dxe5 Ng4 32. Qg3 Nxe3 33. Qxe3 Nd5 34. Qxe4 Rf7 35. Rf2 Qb6 36. Qd4 c5 37. Qd2 Nc3 38. Rdf1 c4 39. bxc4 Rxf4 40. Qxf4 Ne2+ 41. Kh1 Nxf4 42. Rxf4 Qd8 43. Bc6 b3 44. Bxe8 Qxe8 45. Rb1 Qc6+ 46. Kg1 Qc5+ 47. Rf2 Qxc4 48. Rfb2 Qg4+ 49. Kh1 Qxa4 50. Rxb3 Qe4+ 51. Kg1 Qxe5 52. Rb8+ Kh7 53. R8b5 Qe3+ 54. Kg2 Qd2+ 55. Kh1 a4 56. Ra1 a3 57. Rbb1 Qd5+ 58. Kg1 Qxg5+ 59. Kh1 Qd5+ 60. Kg1 e5 61. Rf1 e4 62. Rfe1 Qd4+ 63. Kh1 e3 64. Rac1 Qe4+ 65. Kg1 Qg4+ 66. Kh1 Qf3+ 67. Kg1 Qf2+ 68. Kh1 e2 69. Ra1 a2 70. Rac1 Kh6 71. Rg1 Qf3+ 72. Rg2 g5 73. Re1 Kh5 0-1

[Event "Czech Open GM 2020"]
[Site "Pardubice"]
[Date "2020.09.26"]
[Round "7.12"]
[White "Rocco, Federico"]
[Black "Seger, Ruediger"]
[Result "1/2-1/2"]
[ECO "B12"]
[WhiteElo "2123"]
[BlackElo "2312"]
[Annotator "ChessBase"]
[PlyCount "79"]
[EventDate "2020.09.21"]
[EventCountry "CZE"]
[SourceTitle "playchess.com"]
[Source "ChessBase"]
[SourceQuality "1"]
[TimeControl "40/5400+30:1800+30"]

1. e4 c6 2. d4 d5 3. e5 c5 4. dxc5 e6 5. Nf3 Bxc5 6. Bd3 Nc6 7. a3 Nge7 8. O-O Ng6 9. b4 Bb6 10. Bb2 O-O 11. c4 dxc4 12. Bxc4 Qxd1 13. Rxd1 Bc7 14. Re1 Rd8 15. b5 Ncxe5 16. Nxe5 Nxe5 17. Rxe5 Bxe5 18. Bxe5 Rd1+ 19. Bf1 Bd7 20. a4 a6 21. b6 Rc8 22. Bc7 e5 23. f3 Bf5 24. Kf2 h5 25. g4 hxg4 26. fxg4 Rxb1 27. Rxb1 Bxb1 28. Ke3 Kf8 29. Bc4 Ke7 30. Bd5 Rxc7 31. bxc7 Kd7 32. Bxb7 Kxc7 33. Bxa6 g5 34. Bd3 Bxd3 35. Kxd3 Kb6 36. Kc4 Ka5 37. Kb3 f6 38. Ka3 Kb6 39. Kb4 Kc6 40. Kc4 1/2-1/2

[Event "Czech Open GM 2020"]
[Site "Pardubice"]
[Date "2020.09.26"]
[Round "7.13"]
[White "Kueppers, Timo"]
[Black "Trybus, Daniel"]
[Result "1-0"]
[ECO "E61"]
[WhiteElo "2277"]
[BlackElo "1997"]
[Annotator "ChessBase"]
[PlyCount "61"]
[EventDate "2020.09.21"]
[EventCountry "CZE"]
[SourceTitle "playchess.com"]
[Source "ChessBase"]
[SourceQuality "1"]
[TimeControl "40/5400+30:1800+30"]

1. Nf3 Nf6 2. c4 g6 3. Nc3 Bg7 4. d4 O-O 5. Bg5 d6 6. e3 c5 7. d5 e6 8. Nd2 Qa5 9. Be2 a6 10. a4 e5 11. O-O Nbd7 12. f4 exf4 13. exf4 Re8 14. Bd3 Qb4 15. Ra3 Qa5 16. h3 Nh5 17. g4 Re3 18. Nde4 f6 19. gxh5 fxg5 20. hxg6 hxg6 21. Nxg5 Nf8 22. Re1 Bd4 23. Rxe3 Bxe3+ 24. Kg2 Bxf4 25. Ne6 Bxe6 26. dxe6 Re8 27. Qg4 g5 28. Rb3 Re7 29. Bf5 Rg7 30. Qe2 Ng6 31. Bxg6 1-0

[Event "Czech Open GM 2020"]
[Site "Pardubice"]
[Date "2020.09.26"]
[Round "7.14"]
[White "Nemcova, Karin"]
[Black "Haba, Petr"]
[Result "0-1"]
[ECO "C10"]
[WhiteElo "1983"]
[BlackElo "2461"]
[Annotator "ChessBase"]
[PlyCount "84"]
[EventDate "2020.09.21"]
[EventCountry "CZE"]
[SourceTitle "playchess.com"]
[Source "ChessBase"]
[SourceQuality "1"]
[TimeControl "40/5400+30:1800+30"]

1. e4 e6 2. d4 d5 3. Nc3 dxe4 4. Nxe4 Nd7 5. g3 b6 6. Bg2 Rb8 7. Ne2 Bb7 8. O-O Ngf6 9. Nxf6+ Nxf6 10. c4 Bxg2 11. Kxg2 Qd7 12. b3 Be7 13. Bb2 O-O 14. Nf4 b5 15. Qe2 bxc4 16. Qxc4 Bd6 17. Nd3 Nd5 18. Rac1 f5 19. Qc6 Qf7 20. f4 Rb6 21. Qa4 Ne3+ 22. Kg1 Nxf1 23. Rxf1 Rbb8 24. Qc4 h6 25. Re1 Rfe8 26. Ne5 Bxe5 27. Rxe5 Kh7 28. Rc5 Re7 29. Ba3 Rd7 30. Rc6 Rb6 31. Rc5 Rbd6 32. Bb2 Qh5 33. Qf1 Rxd4 34. Bxd4 Rxd4 35. Qf2 Rd1+ 36. Kg2 Qf7 37. Qc2 Qd7 38. Kh3 Rd2 39. Qc3 c6 40. Ra5 Re2 41. Re5 Rxa2 42. Qe3 Qd1 0-1

[Event "Czech Open GM 2020"]
[Site "Pardubice"]
[Date "2020.09.26"]
[Round "7.15"]
[White "Lizak, Peter"]
[Black "Wedda, Dries"]
[Result "1-0"]
[ECO "E08"]
[WhiteElo "2457"]
[BlackElo "2246"]
[Annotator "ChessBase"]
[PlyCount "165"]
[EventDate "2020.09.21"]
[EventCountry "CZE"]
[SourceTitle "playchess.com"]
[Source "ChessBase"]
[SourceQuality "1"]
[TimeControl "40/5400+30:1800+30"]

1. d4 Nf6 2. Nf3 d5 3. c4 e6 4. g3 Bb4+ 5. Bd2 Be7 6. Bg2 O-O 7. O-O Nbd7 8. Qc2 c6 9. Bf4 Ne4 10. Nbd2 g5 11. Be3 Nd6 12. cxd5 cxd5 13. Nb3 b6 14. Ne5 Bb7 15. Rac1 Nf5 16. Qd3 Nxe5 17. dxe5 Nxe3 18. Qxe3 a5 19. Nd4 Bc5 20. Qd2 Bb4 21. Qe3 Bc5 22. Rc2 Rc8 23. Rd2 Bb4 24. Rdd1 Ba6 25. h3 Rc4 26. Bf3 Bc5 27. b3 Rc2 28. Rd2 Rxd2 29. Qxd2 h6 30. Rd1 Qc7 31. Qe3 Rc8 32. h4 Be7 33. Bg4 Kh7 34. Qf3 Rf8 35. hxg5 hxg5 36. Bxe6 Qxe5 37. Bxd5 Bc5 38. e3 Bc8 39. Kg2 g4 40. Qe4+ Qxe4+ 41. Bxe4+ f5 42. Bc6 Rf6 43. Ba8 Rd6 44. Rc1 Bd7 45. Rd1 Bc8 46. f3 Kg7 47. Rd2 Bd7 48. Bb7 Kg6 49. Rd1 Kg7 50. f4 Kf6 51. Kf2 a4 52. Ke2 axb3 53. axb3 Be6 54. Nxe6 Rxe6 55. e4 fxe4 56. Rh1 Re7 57. Bd5 e3 58. Rh6+ Kf5 59. Rh5+ Kf6 60. Rh6+ Kf5 61. Bc4 Ke4 62. Re6+ Rxe6 63. Bxe6 Kd4 64. Bxg4 Kd5 65. Bf5 Kd4 66. Bh7 Bd6 67. Bg6 Bc7 68. Be8 Bd6 69. Bb5 Ke4 70. Bc6+ Kd4 71. Bb7 Bc7 72. Kf3 b5 73. Bc6 b4 74. Bb5 Kc3 75. Bc4 Kd2 76. g4 Bd8 77. g5 Be7 78. Kg4 e2 79. Bxe2 Kxe2 80. f5 Kd3 81. f6 Bd8 82. Kf5 Kc3 83. g6 1-0

[Event "Czech Open GM 2020"]
[Site "Pardubice"]
[Date "2020.09.26"]
[Round "7.16"]
[White "Koziak, Vitali"]
[Black "Ludvik, Tomas"]
[Result "1-0"]
[ECO "D30"]
[WhiteElo "2434"]
[BlackElo "2218"]
[Annotator "ChessBase"]
[PlyCount "65"]
[EventDate "2020.09.21"]
[EventCountry "CZE"]
[SourceTitle "playchess.com"]
[Source "ChessBase"]
[SourceQuality "1"]
[TimeControl "40/5400+30:1800+30"]

1. c4 e6 2. Nf3 d5 3. d4 c6 4. e3 Nf6 5. b3 Ne4 6. Nbd2 Bb4 7. Bd3 f5 8. O-O Nd7 9. Bb2 Qf6 10. Qc1 O-O 11. Ba3 a5 12. Bxb4 axb4 13. a3 bxa3 14. Rxa3 Rxa3 15. Qxa3 e5 16. cxd5 cxd5 17. Qa5 Qd6 18. dxe5 Nxe5 19. Nxe5 Nxd2 20. Qxd2 Qxe5 21. Qb4 f4 22. Bxh7+ Kf7 23. exf4 Qh5 24. Bb1 Rh8 25. h3 Rh6 26. f5 b6 27. Rc1 Bd7 28. Qd4 Rd6 29. Be4 Kf8 30. Qb4 Ke7 31. Re1 Qh6 32. Bxd5+ Kd8 33. Be6 1-0

[Event "Czech Open GM 2020"]
[Site "Pardubice"]
[Date "2020.09.26"]
[Round "7.17"]
[White "Arkell, Keith C"]
[Black "Seitz, Patrick"]
[Result "1-0"]
[ECO "E65"]
[WhiteElo "2429"]
[BlackElo "2186"]
[Annotator "ChessBase"]
[PlyCount "145"]
[EventDate "2020.09.21"]
[EventCountry "CZE"]
[SourceTitle "playchess.com"]
[Source "ChessBase"]
[SourceQuality "1"]
[TimeControl "40/5400+30:1800+30"]

1. Nf3 Nf6 2. c4 g6 3. Nc3 Bg7 4. d4 d6 5. g3 O-O 6. Bg2 c5 7. O-O a6 8. dxc5 dxc5 9. Be3 Nbd7 10. h3 h6 11. Qd2 Kh7 12. Rfd1 Qc7 13. Rac1 Ra7 14. Nd5 Nxd5 15. cxd5 b6 16. b4 a5 17. bxc5 Nxc5 18. Nd4 Ba6 19. Nb3 Qe5 20. Nxc5 bxc5 21. Bxc5 Rc7 22. Bd4 Qd6 23. Bxg7 Kxg7 24. Rc6 Rxc6 25. dxc6 Qxd2 26. Rxd2 Kf6 27. Rb2 e6 28. f4 Ke7 29. Kf2 Rc8 30. Rb6 Bc4 31. Rb7+ Kd6 32. Rxf7 Bxa2 33. Ra7 Bd5 34. Rxa5 Bxg2 35. Kxg2 Rxc6 36. Kf3 Ke7 37. g4 Rc7 38. h4 Kf6 39. g5+ hxg5 40. hxg5+ Kf7 41. Ke4 Rb7 42. Ke5 Ke7 43. Rc5 Ra7 44. Rb5 Rc7 45. Kd4 Rd7+ 46. Kc4 Rc7+ 47. Kd3 Ra7 48. Ke4 Ra4+ 49. Kf3 Ra7 50. Rb1 Rc7 51. Rh1 Rc3+ 52. e3 e5 53. Rh7+ Ke6 54. Rg7 exf4 55. Kxf4 Rc1 56. Rxg6+ Ke7 57. Ra6 Rc5 58. g6 Kf8 59. Ra7 Kg8 60. e4 Rc1 61. Kf5 Rf1+ 62. Ke6 Rg1 63. g7 Rg6+ 64. Kd5 Rg1 65. e5 Rd1+ 66. Ke6 Rd2 67. Rd7 Ra2 68. Kd6 Ra6+ 69. Kd5 Ra5+ 70. Ke4 Ra1 71. e6 Re1+ 72. Kd5 Rg1 73. Rd8+ 1-0

[Event "Czech Open GM 2020"]
[Site "Pardubice"]
[Date "2020.09.26"]
[Round "7.18"]
[White "Ochedzan, Tymon"]
[Black "Pantzar, Milton"]
[Result "0-1"]
[ECO "B15"]
[WhiteElo "2214"]
[BlackElo "2424"]
[Annotator "ChessBase"]
[PlyCount "104"]
[EventDate "2020.09.21"]
[EventCountry "CZE"]
[SourceTitle "playchess.com"]
[Source "ChessBase"]
[SourceQuality "1"]
[TimeControl "40/5400+30:1800+30"]

1. e4 c6 2. d4 d5 3. Nc3 dxe4 4. Nxe4 Nf6 5. Nxf6+ exf6 6. c3 Bd6 7. Bd3 O-O 8. Qc2 Re8+ 9. Ne2 h5 10. O-O h4 11. Nf4 Nd7 12. Qd1 g6 13. Bxg6 Bxf4 14. Qb3 Ne5 15. dxe5 Be6 16. Qc2 Bxc1 17. Bh7+ Kh8 18. Raxc1 fxe5 19. f4 h3 20. fxe5 hxg2 21. Rf2 Qg5 22. Re1 Rad8 23. Bd3 Rg8 24. Qe2 Rg7 25. Bc4 Rdg8 26. Bxe6 fxe6 27. Rf6 Qh4 28. Qe4 Rg4 29. Qe3 R4g5 30. Rf4 Qh6 31. Rf3 Qh7 32. Rh3 Rh5 33. Rxh5 Qxh5 34. Qf4 Kh7 35. Qf6 Qg4 36. a4 Rg6 37. Qf7+ Rg7 38. Qf6 a5 39. b3 b5 40. Qf2 bxa4 41. Qc2+ Qg6 42. Qxg6+ Kxg6 43. bxa4 Kf5 44. h4 Rh7 45. Kxg2 Rxh4 46. Re3 Rxa4 47. Kf3 Rf4+ 48. Kg3 Re4 49. Rd3 Kxe5 50. Kf3 a4 51. Rd8 Rc4 52. Ra8 Rxc3+ 0-1

[Event "Czech Open GM 2020"]
[Site "Pardubice"]
[Date "2020.09.26"]
[Round "7.19"]
[White "Hlavina, Matous"]
[Black "Storme, Isak"]
[Result "0-1"]
[ECO "C45"]
[WhiteElo "1973"]
[BlackElo "2353"]
[Annotator "ChessBase"]
[PlyCount "54"]
[EventDate "2020.09.21"]
[EventCountry "CZE"]
[SourceTitle "playchess.com"]
[Source "ChessBase"]
[SourceQuality "1"]
[TimeControl "40/5400+30:1800+30"]

1. e4 e5 2. Nf3 Nc6 3. d4 exd4 4. Nxd4 Nf6 5. Nxc6 bxc6 6. e5 Nd5 7. c4 Bb4+ 8. Bd2 Bxd2+ 9. Nxd2 Nb6 10. Bd3 d6 11. exd6 Qxd6 12. Nf3 Qb4+ 13. Qd2 Qxd2+ 14. Nxd2 O-O 15. O-O-O Be6 16. b3 a5 17. Kc2 a4 18. b4 a3 19. f4 g6 20. Rhe1 Rfd8 21. g3 Na4 22. Be4 Nb2 23. Rc1 Rab8 24. Bxc6 Rxb4 25. Bd5 Bf5+ 26. Kc3 c5 27. Nb3 Rxc4+ 0-1

[Event "Czech Open GM 2020"]
[Site "Pardubice"]
[Date "2020.09.26"]
[Round "7.20"]
[White "Bulockin, Martin"]
[Black "Pogan, Nikolas"]
[Result "1-0"]
[ECO "B11"]
[WhiteElo "2297"]
[BlackElo "2212"]
[Annotator "ChessBase"]
[PlyCount "79"]
[EventDate "2020.09.21"]
[EventCountry "CZE"]
[SourceTitle "playchess.com"]
[Source "ChessBase"]
[SourceQuality "1"]
[TimeControl "40/5400+30:1800+30"]

1. e4 c6 2. Nc3 d5 3. Nf3 Bg4 4. h3 Bxf3 5. Qxf3 e6 6. d4 Nf6 7. Bd3 Bb4 8. e5 Nfd7 9. Bd2 a6 10. Qg4 g6 11. O-O Be7 12. Rae1 h5 13. Qg3 Nf8 14. Ne2 c5 15. dxc5 Bxc5 16. Bg5 Be7 17. Bxe7 Qxe7 18. c4 dxc4 19. Be4 Nh7 20. Nf4 Ng5 21. Bxg6 h4 22. Qg4 Rg8 23. Bh7 Rh8 24. Be4 Nxe4 25. Rxe4 Nc6 26. Rxc4 O-O-O 27. Qe2 Kb8 28. Rfc1 Qd7 29. Qe3 Qc7 30. Nd3 Qa5 31. Nc5 Rd5 32. Nxb7 Kxb7 33. Rxc6 Rhd8 34. R6c3 Rd1+ 35. Rxd1 Rxd1+ 36. Kh2 Qd5 37. Rb3+ Kc8 38. Qc3+ Kd7 39. Rb8 Ke7 40. Qc7+ 1-0

[Event "Czech Open GM 2020"]
[Site "Pardubice"]
[Date "2020.09.27"]
[Round "8.1"]
[White "Van Foreest, Lucas"]
[Black "Jarmula, Lukasz"]
[Result "1/2-1/2"]
[ECO "C28"]
[WhiteElo "2531"]
[BlackElo "2444"]
[Annotator "ChessBase"]
[PlyCount "75"]
[EventDate "2020.09.21"]
[EventCountry "CZE"]
[SourceTitle "playchess.com"]
[Source "ChessBase"]
[SourceQuality "1"]
[TimeControl "40/5400+30:1800+30"]

1. e4 e5 2. Nc3 Nc6 3. Bc4 Nf6 4. d3 Bb4 5. Nf3 d5 6. exd5 Nxd5 7. O-O Nxc3 8. bxc3 Be7 9. Qe2 O-O 10. Nxe5 Nxe5 11. Qxe5 Bf6 12. Qe1 b6 13. Qe4 Rb8 14. d4 Re8 15. Qd5 Qxd5 16. Bxd5 Ba6 17. Rd1 Rbd8 18. Bc6 Re6 19. Bf3 Be2 20. Bxe2 Rxe2 21. Bd2 c5 22. Kf1 Re6 23. dxc5 bxc5 24. Be3 Rc8 25. Rab1 Ra6 26. Rd7 h5 27. Rbb7 Rxa2 28. Rxa7 Rxc2 29. Rxf7 Rxc3 30. h3 c4 31. g4 hxg4 32. hxg4 Rd3 33. g5 Be5 34. Bf4 Bb2 35. g6 Rdd8 36. Rab7 Bd4 37. Be3 Be5 38. Bf4 1/2-1/2

[Event "Czech Open GM 2020"]
[Site "Pardubice"]
[Date "2020.09.27"]
[Round "8.2"]
[White "Golubka, Petro"]
[Black "Noe, Christopher"]
[Result "1/2-1/2"]
[ECO "E18"]
[WhiteElo "2488"]
[BlackElo "2519"]
[Annotator "ChessBase"]
[PlyCount "71"]
[EventDate "2020.09.21"]
[EventCountry "CZE"]
[SourceTitle "playchess.com"]
[Source "ChessBase"]
[SourceQuality "1"]
[TimeControl "40/5400+30:1800+30"]

1. Nf3 Nf6 2. c4 e6 3. d4 b6 4. g3 Bb7 5. Bg2 Be7 6. O-O O-O 7. Nc3 Ne4 8. Bd2 Nxd2 9. Qxd2 d6 10. d5 e5 11. e4 Nd7 12. b4 Nf6 13. a3 c6 14. dxc6 Bxc6 15. Qd3 Bd7 16. Rfd1 Qb8 17. Nh4 g6 18. Bf3 Be6 19. Ng2 Qb7 20. Ne3 Rac8 21. Rac1 Qa6 22. Nb5 Rfd8 23. Be2 Qb7 24. Nc3 Rc7 25. h4 Rdc8 26. Qb1 a6 27. Ncd5 Nxd5 28. Nxd5 Rc6 29. c5 b5 30. cxd6 Bxd6 31. Rxc6 Qxc6 32. Qd3 Bxd5 33. Qxd5 Qxd5 34. Rxd5 Rc6 35. h5 Kf8 36. Rd3 1/2-1/2

[Event "Czech Open GM 2020"]
[Site "Pardubice"]
[Date "2020.09.27"]
[Round "8.3"]
[White "Vogel, Roven"]
[Black "Kevlishvili, Robby"]
[Result "0-1"]
[ECO "E14"]
[WhiteElo "2456"]
[BlackElo "2478"]
[Annotator "ChessBase"]
[PlyCount "68"]
[EventDate "2020.09.21"]
[EventCountry "CZE"]
[SourceTitle "playchess.com"]
[Source "ChessBase"]
[SourceQuality "1"]
[TimeControl "40/5400+30:1800+30"]

1. Nf3 d5 2. e3 Nf6 3. c4 e6 4. d4 b6 5. Nc3 Bb7 6. cxd5 exd5 7. Bb5+ c6 8. Bd3 Be7 9. Ne5 O-O 10. O-O c5 11. Qf3 Nc6 12. Qh3 Nxe5 13. dxe5 Ne4 14. Rd1 Qc8 15. Qxc8 Rfxc8 16. Nxe4 dxe4 17. Bc4 Rd8 18. Bd2 Bc6 19. Ba6 Kf8 20. Bc3 Rxd1+ 21. Rxd1 Rd8 22. Rxd8+ Bxd8 23. Bc8 a5 24. Bg4 b5 25. f4 b4 26. Bd2 Bd5 27. a3 f6 28. Be1 fxe5 29. fxe5 Bc7 30. Bg3 c4 31. axb4 axb4 32. Be1 c3 33. bxc3 b3 34. Bd1 Bc4 0-1

[Event "Czech Open GM 2020"]
[Site "Pardubice"]
[Date "2020.09.27"]
[Round "8.4"]
[White "Jurcik, Marian"]
[Black "Stocek, Jiri"]
[Result "0-1"]
[ECO "B80"]
[WhiteElo "2426"]
[BlackElo "2595"]
[Annotator "ChessBase"]
[PlyCount "106"]
[EventDate "2020.09.21"]
[EventCountry "CZE"]
[SourceTitle "playchess.com"]
[Source "ChessBase"]
[SourceQuality "1"]
[TimeControl "40/5400+30:1800+30"]

1. e4 c5 2. Nc3 e6 3. Nge2 Nf6 4. g3 Nc6 5. Bg2 Be7 6. d4 cxd4 7. Nxd4 O-O 8. O-O d6 9. b3 Bd7 10. Bb2 Rc8 11. a4 a6 12. Re1 Nxd4 13. Qxd4 Qa5 14. Re2 Rfd8 15. Qd2 Kf8 16. Qd3 Bc6 17. Rd1 h5 18. Red2 b5 19. axb5 axb5 20. Qe2 b4 21. Na4 h4 22. Bd4 Nd7 23. Nb2 Qg5 24. Nd3 Qb5 25. Qg4 g6 26. gxh4 e5 27. Be3 Nf6 28. Qe2 Qb7 29. Re1 Kg7 30. Bg5 Rh8 31. Bf3 Bb5 32. Qe3 Bxd3 33. Qxd3 Rc3 34. Qe2 Ne8 35. Rd3 Rxd3 36. Qxd3 Bxg5 37. hxg5 Qe7 38. Qd2 Rh4 39. Bg2 Nc7 40. Qxb4 Qxg5 41. Re3 Ne6 42. Qe1 Nf4 43. Qf1 Rh8 44. Kh1 Ra8 45. Rg3 Qe7 46. h3 Ra2 47. Qc4 Qa7 48. Rf3 Qa3 49. Bf1 Qc1 50. c3 Qd1 51. Rxf4 exf4 52. Kg2 Rd2 53. b4 Qe1 0-1

[Event "Czech Open GM 2020"]
[Site "Pardubice"]
[Date "2020.09.27"]
[Round "8.5"]
[White "Nemec, Jachym"]
[Black "Plat, Vojtech"]
[Result "1/2-1/2"]
[ECO "E91"]
[WhiteElo "2150"]
[BlackElo "2566"]
[Annotator "ChessBase"]
[PlyCount "68"]
[EventDate "2020.09.21"]
[EventCountry "CZE"]
[SourceTitle "playchess.com"]
[Source "ChessBase"]
[SourceQuality "1"]
[TimeControl "40/5400+30:1800+30"]

1. d4 Nf6 2. Nf3 g6 3. c4 Bg7 4. Nc3 O-O 5. e4 d6 6. Be2 Nc6 7. d5 Nb8 8. Be3 e6 9. Nd2 exd5 10. cxd5 Re8 11. O-O c6 12. Qb3 Nbd7 13. Nc4 Bf8 14. dxc6 bxc6 15. Rfd1 Re6 16. Rac1 Qc7 17. Qa4 c5 18. Bf3 Rb8 19. Nd5 Nxd5 20. exd5 Rxe3 21. Nxe3 Ne5 22. Be2 Rxb2 23. Bf1 Qe7 24. Rb1 Rb6 25. Rxb6 axb6 26. Rb1 Bd7 27. Qa8 f5 28. Rxb6 f4 29. Nc4 Nxc4 30. Bxc4 f3 31. Bf1 fxg2 32. Bxg2 c4 33. Qa5 Qe5 34. Rb8 Qa1+ 1/2-1/2

[Event "Czech Open GM 2020"]
[Site "Pardubice"]
[Date "2020.09.27"]
[Round "8.6"]
[White "Mendonca, Leon Luke"]
[Black "Kueppers, Timo"]
[Result "1-0"]
[ECO "A30"]
[WhiteElo "2490"]
[BlackElo "2277"]
[Annotator "ChessBase"]
[PlyCount "64"]
[EventDate "2020.09.21"]
[EventCountry "CZE"]
[SourceTitle "playchess.com"]
[Source "ChessBase"]
[SourceQuality "1"]
[TimeControl "40/5400+30:1800+30"]

1. Nf3 c5 2. b3 Nc6 3. Bb2 Nf6 4. c4 d5 5. cxd5 Nxd5 6. Nc3 e5 7. e3 Nc7 8. Nb5 a6 9. Nxc7+ Qxc7 10. Qc2 Be7 11. a3 Be6 12. h4 h6 13. Bc4 Bxc4 14. bxc4 O-O 15. Qe4 Rfe8 16. g4 g6 17. g5 h5 18. O-O Bf8 19. Rab1 Rab8 20. Rfc1 b5 21. cxb5 axb5 22. Rc2 Qd6 23. Rbc1 c4 24. d3 Na5 25. Bxe5 Qxd3 26. Qf4 Rb6 27. Rd2 Qf5 28. Qxf5 gxf5 29. Bc7 Ra6 30. Rd5 Rc8 31. Bxa5 Rxa5 32. a4 Ba3 1-0

[Event "Czech Open GM 2020"]
[Site "Pardubice"]
[Date "2020.09.27"]
[Round "8.7"]
[White "Petr, Martin"]
[Black "Szpar, Milosz"]
[Result "1/2-1/2"]
[ECO "D78"]
[WhiteElo "2484"]
[BlackElo "2397"]
[Annotator "ChessBase"]
[PlyCount "116"]
[EventDate "2020.09.21"]
[EventCountry "CZE"]
[SourceTitle "playchess.com"]
[Source "ChessBase"]
[SourceQuality "1"]
[TimeControl "40/5400+30:1800+30"]

1. Nf3 Nf6 2. g3 d5 3. Bg2 g6 4. O-O Bg7 5. d4 O-O 6. Nbd2 Bf5 7. c4 c6 8. b3 a5 9. e3 Bd3 10. Re1 Nbd7 11. Bb2 a4 12. cxd5 Nxd5 13. bxa4 Nc5 14. Rc1 Nxa4 15. Ba1 Bb5 16. Qb3 Nab6 17. e4 Nc7 18. d5 Bxa1 19. Rxa1 Qd6 20. Qe3 Nd7 21. e5 Qa3 22. Qh6 f6 23. d6 exd6 24. exf6 Nxf6 25. Re7 Rf7 26. Rxf7 Kxf7 27. Ng5+ Kg8 28. Nde4 Qb2 29. Rd1 Rxa2 30. h4 Ra1 31. Nxf6+ Qxf6 32. Qxh7+ Kf8 33. Qxc7 Rxd1+ 34. Kh2 Qe7 35. Qc8+ Kg7 36. Qg4 Re1 37. Be4 Rxe4 38. Nxe4 Bd3 39. Ng5 Bf5 40. Qf3 d5 41. Qf4 c5 42. h5 d4 43. g4 Bd7 44. Kg3 gxh5 45. gxh5 Qf6 46. Qxf6+ Kxf6 47. Ne4+ Kg7 48. Nxc5 Be8 49. Ne6+ Kh6 50. Nxd4 Kxh5 51. Kf4 Kg6 52. Ke5 Kf7 53. f4 b5 54. Kd6 Kf6 55. Kc5 Bd7 56. Nxb5 Bxb5 57. Kxb5 Kf5 58. Kc5 Kxf4 1/2-1/2

[Event "Czech Open GM 2020"]
[Site "Pardubice"]
[Date "2020.09.27"]
[Round "8.8"]
[White "Vokac, Marek"]
[Black "Vrolijk, Liam"]
[Result "0-1"]
[ECO "A11"]
[WhiteElo "2365"]
[BlackElo "2481"]
[Annotator "ChessBase"]
[PlyCount "110"]
[EventDate "2020.09.21"]
[EventCountry "CZE"]
[SourceTitle "playchess.com"]
[Source "ChessBase"]
[SourceQuality "1"]
[TimeControl "40/5400+30:1800+30"]

1. Nf3 d5 2. g3 Bg4 3. Bg2 e6 4. c4 c6 5. Qb3 Qb6 6. Ne5 Bh5 7. cxd5 exd5 8. Nc3 Nf6 9. d4 Nbd7 10. Nxd7 Nxd7 11. O-O Bd6 12. e4 Qxb3 13. axb3 dxe4 14. Nxe4 Bb4 15. Bd2 Bxd2 16. Nxd2 O-O-O 17. Rxa7 Nb6 18. Ra5 Bg4 19. Nc4 Kc7 20. Ne5 Be6 21. Ra7 Nc8 22. Ra4 Bxb3 23. Rb4 Be6 24. Rc1 Ne7 25. Nd3 Nd5 26. Rbc4 f6 27. Nc5 Rhe8 28. Nxe6+ Rxe6 29. Rc5 Red6 30. Re1 Nb6 31. Bh3 Rxd4 32. Rcc1 Nd5 33. Re2 g6 34. Bg2 Nb4 35. Bf3 R8d7 36. Rc3 Nd3 37. Be4 Nxb2 38. Bxc6 Nd1 39. Bxd7+ Nxc3 40. Rc2 Kxd7 41. Rxc3 b5 42. Kf1 b4 43. Rc5 Kd6 44. Rc8 Re4 45. h4 Kd5 46. Rc7 h5 47. Rb7 Kc4 48. Rb6 b3 49. Rc6+ Kd3 50. Rxf6 b2 51. Rb6 Kc3 52. Rxb2 Kxb2 53. f3 Re8 54. Kf2 Kc3 55. g4 Kd4 0-1